Cogmind - Beta 13 @@@ ROGUE MODE // 2024.04.09 @ 19:04:58 Player: MO-55 Result: Destroyed by UH-HH9(R) with Subdweller Machine Gun Performance ------------- Evolutions (0) 0 Regions Visited (2) 400 Robots Destroyed (14) 70 Value Destroyed (435) 435 Prototype IDs (2) 40 Alien Tech Used (0) 0 Bonus (0) 0 TOTAL SCORE: 945 Bonus ------- None Cogmind --------- Core Integrity 0/250 Matter 234/300 Energy 100/100 System Corruption 0% Temperature Cool (0) Movement Treading (160) Location -10/Subcaves Parts ------- > --- POWER (1) -------- (None) > --- PROPULSION (2) --- Light Treads Aluminum Leg > --- UTILITY (2) ------ Small Storage Unit Subdweller Optics > --- WEAPON (2) ------- Grenade Launcher > --- INVENTORY (8) ---- Light Treads Light Treads Spiked Treads Aluminum Leg Heat Sink Subdweller Machine Gun Peak State ------------ > --- POWER ------------ Ion Engine > --- PROPULSION ------- Aluminum Leg Aluminum Leg > --- UTILITY ---------- Small Storage Unit Subdweller Optics > --- WEAPON ----------- Heavy Assault Rifle Battle Cannon > --- INVENTORY -------- Light Treads Light Treads Light Treads Spiked Treads Aluminum Leg Heat Sink Subdweller Machine Gun Grenade Launcher [Rating: 11] Favorites ----------- Power Ion Engine Engine Ion Engine Propulsion Aluminum Leg Treads Light Treads Leg Aluminum Leg Utility Small Storage Unit Device Heat Sink Storage Small Storage Unit Weapon Assault Rifle Energy Gun Medium Laser Ballistic Gun Assault Rifle Ballistic Cannon Battle Cannon Launcher Grenade Launcher Build | -11 -10 -10 ------- Run | Yrd Mat Sub Slots Evolved . | . . . Power . | . . . Propulsion . | . . . Utility . | . . . Weapon . | . . . Parts Attached 22 | 8 3 11 Power 3 | 1 1 1 Engine 3 | 1 1 1 Core . | . . . Reactor . | . . . Propulsion 7 | 3 1 3 Treads 2 | 1 . 1 Leg 5 | 2 1 2 Wheel . | . . . Hover . | . . . Flight . | . . . Utility 4 | 1 1 2 Device 3 | . 1 2 Storage 1 | 1 . . Processor . | . . . Hackware . | . . . Protection . | . . . Artifact . | . . . Weapon 8 | 3 . 5 Energy Gun 4 | 2 . 2 Energy Cannon . | . . . Ballistic Gun 2 | 1 . 1 Ballistic Cannon 1 | . . 1 Launcher 1 | . . 1 Special Weapon . | . . . Impact Weapon . | . . . Slashing Weapon . | . . . Piercing Weapon . | . . . Special Melee Weapon . | . . . Unidentified Prototypes . | . . . Parts Lost 6 | . . 6 Power 2 | . . 2 Propulsion 2 | . . 2 Utility . | . . . Weapon 2 | . . 2 Highest Loss Streak 4 | . . 4 To Critical Strikes 1 | . . 1 Average Slot Usage (%) 99 | . 98 99 Engine 14 | . 14 14 Leg 28 | . 28 28 Device 13 | . 12 14 Storage 14 | . 14 14 Energy Gun 7 | . 14 2 Ballistic Gun 15 | . 14 17 Ballistic Cannon 4 | . . 7 Naked Turns . | . . . Heaviest Build 18 | 14 15 18 Greatest Support 20 | 20 20 20 Greatest Overweight (x) 3 | 3 . . Average Overweight (x) . | . . . Largest Inventory Capacity 8 | 8 8 8 Average Capacity 7 | 7 8 8 Most Carried 8 | 6 8 8 Average Carried 7 | 3 7 7 Final Capacity 8 | 8 8 8 Final Carried 8 | 6 8 6 Class Distribution -------------------- 58% | Mutant 41% | Scavenger-Mutant Dominant Class ---------------- Mutant | -10/Materials Scavenger-Mutant | -10/Subcaves Resources | -11 -10 -10 ----------- Run | Yrd Mat Sub Matter Collected 627 | 190 167 270 Remotely . | . . . Salvage Created 434 | . 167 267 Parts 22 | . 5 17 Haulers Intercepted . | . . . Recyclers Shooed . | . . . Parts Field Recycled . | . . . Retrieved Matter . | . . . Parts Self-Destructed 7 | . . 7 Prevented . | . . . Kills | -11 -10 -10 ------- Run | Yrd Mat Sub Combat Hostiles Destroyed 14 | . 4 10 Guns 8 | . 4 4 Cannons 6 | . . 6 Classes Destroyed 4 | . 1 3 Swarmer 4 | . . 4 Grunt 6 | . 4 2 Sentry 1 | . . 1 Subdweller 3 | . . 3 Best Kill Streak 4 | . 2 4 Combat Bots Only 4 | . 2 4 Max Kills in Single Turn 1 | . 1 1 Gunslinging . | . . . Exploded . | . . . Melee . | . . . Uniques/NPCs Destroyed . | . . . Combat | -11 -10 -10 -------- Run | Yrd Mat Sub Hostile Shots Fired 99 | . 30 69 Missed 35 | . 9 26 Damage Taken 1110 | . 266 844 Core 262 | . 31 231 Absorbed by Shields . | . . . Core Remaining (%) 100 | 100 . . Volleys Fired 60 | . 18 42 Largest 2 | . 2 2 Hottest 70 | . 70 62 Shots Fired 106 | . 33 73 Gun 85 | . 33 52 Cannon 18 | . . 18 Launcher 3 | . . 3 Special . | . . . Kinetic 79 | . 18 61 Thermal 20 | . 15 5 Explosive 3 | . . 3 Electromagnetic 4 | . . 4 Robot Hit Streak 15 | . 6 15 Robot Miss Streak 5 | . 1 5 Penetration Max . | . . . Secondary Targets . | . . . Shots Hit Robots 75 | . 26 49 Core Hits 26 | . 9 17 Critical Kills . | . . . Critical Parts Destroyed . | . . . Critical Strikes 2 | . 1 1 Burn 1 | . 1 . Blast 1 | . . 1 Melee Attacks . | . . . Impact . | . . . Slashing . | . . . Piercing . | . . . Sneak Attacks . | . . . Combat Hostiles . | . . . Follow-up Attacks . | . . . Damage Inflicted 1232 | . 329 903 Guns 762 | . 329 433 Cannons 316 | . . 316 Explosions 154 | . . 154 Melee . | . . . Ramming . | . . . Kinetic 930 | . 193 737 Thermal 136 | . 136 . Explosive 154 | . . 154 Electromagnetic 12 | . . 12 Impact . | . . . Slashing . | . . . Piercing . | . . . Highest Corruption . | . . . Average Corruption . | . . . Corruption Purged . | . . . Corruption Blocked . | . . . Overload Shots . | . . . Overflow Damage . | . . . Projectiles . | . . . Explosions . | . . . Melee . | . . . Knockbacks 4 | . . 4 Impact . | . . . Kinetic 4 | . . 4 Secondary . | . . . Self-Inflicted Damage . | . . . Shots . | . . . Rammed . | . . . Targets Rammed . | . . . Kicked . | . . . Crushed . | . . . Highest Temperature 159 | . 159 . Average Temperature 90 | . 90 . Received Heat Transfer 312 | . 156 156 Siege Activations . | . . . Robots Corrupted . | . . . Combat Hostiles . | . . . Parts Fried . | . . . Impact Corruptions . | . . . Robots Melted . | . . . Combat Hostiles . | . . . Parts Melted 4 | . 3 1 Heat Transferred 481 | . 481 . Parts Sabotaged . | . . . Parts Stolen . | . . . Parts Stripped . | . . . Power Chain Reactions . | . . . Alert | -11 -10 -10 ------- Run | Yrd Mat Sub Peak Influence 111 | . 111 . Initial . | . . . Average 36 | . 39 . Maximum Alert Level . | . . . Low Security (%) 100 | 100 100 . Level 1 . | . . . Level 2 . | . . . Level 3 . | . . . Level 4 . | . . . Level 5 . | . . . High Security . | . . . Max Security . | . . . Squads Dispatched 1 | . 1 . Investigation . | . . . Extermination . | . . . Reinforcement 1 | . 1 . Assault . | . . . Garrison . | . . . Intercept . | . . . Searches Triggered . | . . . Construction Impeded . | . . . Haulers Reinforced . | . . . Active Scanning Responses . | . . . Cargo Convoy Interrupts . | . . . Stealth | -11 -10 -10 --------- Run | Yrd Mat Sub Distress Signals . | . . . Communications Jammed . | . . . Distress Signals . | . . . Times Spotted 22 | . 5 17 Peak Tracking Total 6 | . 2 6 Tactical Retreats 2 | . . 2 Traps | -11 -10 -10 ------- Run | Yrd Mat Sub Traps Triggered . | . . . Indirectly . | . . . Trap Hack Attempts . | . . . Triggered . | . . . Disarmed . | . . . Reprogrammed . | . . . Reused . | . . . Traps Extracted . | . . . Installed . | . . . Triggered . | . . . Machines | -11 -10 -10 ---------- Run | Yrd Mat Sub Machines Disabled . | . . . Max in Single Turn . | . . . Machines Repaired . | . . . Machines Dismantled . | . . . Machines Sabotaged . | . . . Overloaded Fab Kills . | . . . Hacking | -11 -10 -10 --------- Run | Yrd Mat Sub Machines Accessed 2 | . 2 . Terminals 2 | . 2 . Fabricators . | . . . Repair Stations . | . . . Recycling Units . | . . . Scanalyzers . | . . . Garrison Access . | . . . Total Hacks 3 | . 3 . Successful 2 | . 2 . Failed 1 | . 1 . Catastrophic . | . . . Database Lockouts . | . . . Manual 1 | . 1 . Terminals 3 | . 3 . Fabricators . | . . . Repair Stations . | . . . Recycling Units . | . . . Scanalyzers . | . . . Garrison Access . | . . . Terminal Hacks 1 | . 1 . Prototype ID Bank 1 | . 1 . Fabricator Hacks . | . . . Repair Station Hacks . | . . . Recycling Unit Hacks . | . . . Scanalyzer . | . . . Garrison Access Hacks . | . . . Unauthorized Hacks 1 | . 1 . Terminals 1 | . 1 . Botnet 1 | . 1 . Fabricators . | . . . Repair Stations . | . . . Recycling Units . | . . . Scanalyzers . | . . . Garrison Access . | . . . Data Cores Recovered . | . . . Used . | . . . Hacking Detections 1 | . 1 . Full Trace Events . | . . . Feedback Events . | . . . Feedback Blocked . | . . . Robot Schematics Acquired . | . . . Robots Built . | . . . Authchips . | . . . Time . | . . . Total Robot Build Rating . | . . . Part Schematics Acquired . | . . . Parts Built . | . . . Authchips . | . . . Time . | . . . Total Part Build Rating . | . . . Parts Repaired . | . . . Time . | . . . Parts Recycled . | . . . Recycled Matter . | . . . Retrieved Matter . | . . . Retrieved Components . | . . . Parts Scanalyzed . | . . . Part Schematics Acquired . | . . . Parts Damaged . | . . . Bothacking | -11 -10 -10 ------------ Run | Yrd Mat Sub Used RIF Installer . | . . . Robots Hacked . | . . . Non-combat . | . . . Combat . | . . . Robot Hacks Applied . | . . . Relay Couplers Released . | . . . Fabnet Peak Effective % . | . . . Robots Rewired . | . . . Allies Hacked . | . . . Hacks Repelled . | . . . Allies | -11 -10 -10 -------- Run | Yrd Mat Sub Total Allies . | . . . Largest Group . | . . . Highest-Rated Group . | . . . Highest-Rated Ally . | . . . Total Orders . | . . . Ally Attacks . | . . . Total Damage . | . . . Kills . | . . . Allies Corrupted . | . . . Allies Melted . | . . . Intel | -11 -10 -10 ------- Run | Yrd Mat Sub Robot Analysis Total . | . . . Derelict Logs Recovered 2 | . . 2 Drone Launches . | . . . Drone Recoveries . | . . . Exploration | -11 -10 -10 ------------- Run | Yrd Mat Sub Turns Passed 1954 | 69 848 1037 Spaces Moved 841 | 44 94 703 Core 8 | 8 . . Treads 3 | 3 . . Legs 830 | 33 94 703 Wheels . | . . . Hover . | . . . Flight . | . . . Fastest Speed 50 | 50 120 120 Average Speed 119 | 119 120 120 Slowest Speed 200 | 200 120 120 Overloaded Moves . | . . . Propulsion Burnouts . | . . . Robots Hopped . | . . . Cave-ins Triggered . | . . . Exploration Rate (%) 23 | 4 17 48 Regions Visited 2 Branch Regions 1 Pre-discovered Areas . | . . . Known Exits Taken . | . . . Unknown Exits Taken 2 | 1 1 . Scrap Searched 2 | . . 2 Spaces Dug . | . . . Terrain Destroyed 14 | . . 14 Melee . | . . . Projectile 1 | . . 1 AOE 13 | . . 13 Terrain Rammed . | . . . Walls Destroyed . | . . . Machines Disabled . | . . . Actions | -11 -10 -10 --------- Run | Yrd Mat Sub Total 1679 | 57 796 826 Wait 729 | . 678 51 Move 839 | 43 93 703 Hop . | . . . Pick Up 16 | 5 2 9 Fast Attach 9 | 7 1 1 Attach 5 | . . 5 Detach 1 | 1 . . Swap 8 | 1 2 5 Drop 12 | . 2 10 Fire 60 | . 18 42 Melee . | . . . Ram . | . . . Kick . | . . . Crush . | . . . Escape Stasis . | . . . Rewire . | . . . Trap . | . . . Miscellaneous . | . . . Route ------- -11/Scrapyard -10/Materials -10/Subcaves (discovered 1 exit: Rec) History --------- Turn | Location | Event 44 | -11/Scrapyard | Discovered new exit (range 15) 70 | -11/Scrapyard | Entered Materials 316 | -10/Materials | Build established: Mutant 889 | -10/Materials | Discovered new exit (range 12) 918 | -10/Materials | Entered Subcaves 1424 | -10/Subcaves | Build established: Scavenger-Mutant 1425 | -10/Subcaves | Core integrity fell below 50% 1580 | -10/Subcaves | Shifting Twisted Machinery released Sub. Monowheel 1623 | -10/Subcaves | Shifting Twisted Machinery released Sub. Machine Gun 1922 | -10/Subcaves | Identified exit to Recycling 1936 | -10/Subcaves | Core integrity fell below 20% 1937 | -10/Subcaves | Ambushed by Subdweller buried in earth 1955 | -10/Subcaves | Destroyed by UH-HH9(R) with Subdweller Machine Gun Last Messages --------------- 01630_ Acquired Sub. Machine Gun. 01647_ Subatomizers dissect the Assault Rifle. 01907_ 3J-VSC(R) knocked back. 01910_ 3J-VSC(R) destroyed. 01914_ Acquired 19 matter. 01915_ Subatomizers dissect the Sub. Power Source. 01916_ Dropped Broken Sub. Optics. 01917_ Acquired Sub. Optics. 01922_ Acquired derelict log, extracted data. 01927_ Subatomizers dissect the Sub. Power Source. 01937_ Hvy. Assault Rifle destroyed. 01938_ UH-HH9(R): "NOSTUCKSUB!" 01946_ The unstable cave ceiling collapses. 01946_ Battle Cannon destroyed. 01950_ Critical hit (Destroy). 01950_ Aluminum Leg destroyed. 01953_ The unstable cave ceiling collapses. 01953_ Ion Engine destroyed. Map ----- +----------------------------------------------------+ | ?????# ##????????????????????? #????????????? | | ?????# ##??????????????????? ##????????????? | | ?????# #?????????????????? #????????????? | | ###### #??????????????### ?????????????? | | ## #######??????? ??????????????? | | ## #?????## ???????????????? | | #?#### ???????????????? | | # ### ?????????????????? | | ### ## ## #???????????????????? | | ####?## # ## #????????????????????? | | #????# "# #??????????????????????? | | ????# % #???????????????????????? | | ??# ######## ! * ####????????????????????? | | ?? #??????# %! # ##???????????????????? | | ? #??????# ####????????????????? | | ? ##### #??????# ##???????????????? | | ??????? #??????## # #???????????????? | | ??????? ???????# ### R ##??????????????? | | ??????? ?????? #?? # #??????????????? | | ????????????# #?? #???????????????? | | ????????????## ##??# R # #???????????????? | | ?????????????## #???# #???????????????? | | ??????????????## ##???#; ;; ##???????????????? | | ???????????????## ?????# ####????????????????? | | ????????????????# ?????# #??????????????????? | | ???????????????? ?????#@ #??????????????????? | | ???????????????? ????? #??????????????????? | | ??????????????? ??? ##??????????????????? | | ??????????????? #??#### & ##???????????????????? | | ?????????????? #??????# %##????????????????????? | | ?????????????? #??????? &%#?????????????????????? | | ????????????? ????????# &?????????????????????? | | ??????????????????????## ?????????????????????? | | ???????????????????????### ?????????????????????? | | ?????????????????????????## ????????????????????? | | ??????????????????????????? ????????????????????? | | ??????????????????????????? ????????????????????? | | ??????????????????????????? ???????????????????? | | ??????????????????????????? ???????????????????? | | ??????????????????????????? ???????????????????? | | ??????????????????????????? ???????????????????? | | ??????????????????????????? ??????????????????? | | ???????????????????????????## ??????????????????? | | ?????????????????????????????##??????????????????? | | ?????????????????????????????????????????????????? | | ?????????????????????????????????????????????????? | | ?????????????????????????????????????????????????? | | ?????????????????????????????????????????????????? | | ?????????????????????????????????????????????????? | | ?????????????????????????????????????????????????? | +----------------------------------------------------+ Best States ------------- Heat Dissipation 35 Energy Generation 10 Energy Capacity 250 Matter Stores 300 Matter Capacity 300 Sight Range 21 Terrain Scan Density 10 Evasion (%) 55 Recoil Reduction 1 Item Schematics ----------------- None Robot Schematics ------------------ None Fabricated ------------ Nothing Alien Tech Used ----------------- None Achievements -------------- None Challenges ------------ None Game ------ Seed ElectronTripodNullifier Manual? 0 Play Time 00:15:08 Cumulative 70.5 hours Start 2024.04.09 @ 18:51:54 End 2024.04.09 @ 19:04:58 Sessions 1 Manual Loads 0 Difficulty Rogue Special Mode None Game No. 63 Rogue 63 Adventurer 0 Explorer 0 Win Type - Total 1 Types 1/0/0/0/0/0/0/0/0 Lore% 37 Gallery% 50 Achievement% 44 Wizard Run 0 Options --------- Layout 2 ASCII 0 Keyboard 0 Movement Mouse Keybinds 0 Fullscreen 2 Font 32/SmallcapsGlow Map View 50x44 Zoom Use 0% Tactical HUD 1 Map Filters NONE Filters NONE Steam 1 RUN: abacd022-e3ba-426b-9e3b-6b8010314aad